 Dungeon Sprint DCSS version 0.30-a0-924-g0ad0bf95bc (webtiles) character file.

Game seed: 8796230014304352169

5300000 BigDaddyOpFi the Intangible (level 24, -74/208 HPs)
             Began as a Djinni Transmuter on Mar 22, 2023.
             Was the Champion of Makhleb.
             Annihilated by a destroyer
             ... wielding a +9 heavy great sword
              (176 damage)
             ... in the Dungeon (Sprint VIII: "Arena of Blood").
             The game lasted 00:01:33 (53 turns).

BigDaddyOpFi the Intangible (Djinni Transmuter)       Turns: 53, Time: 00:01:33

Health: -74/208    AC:  4    Str:  9    XL:     24   Next: 62%
Gold:   0          EV: 36    Int: 18    God:    Makhleb [******] SH:  0 Dex: 23

rFire   + + .      SeeInvis .    h - +∞ Axe of Woe
rCold   x . .      Faith    .    (shield currently unavailable)
rNeg    . . .      Spirit   .    a - +0 robe
rPois   ∞          Reflect  .    (no helmet)
rElec   .          Rampage  .    (no cloak)
rCorr   .          NoTele   +    (no gloves)
Will    ++...                    (boots unavailable)
Stlth   ++++++++++               (no amulet)
HPRegen 0.54/turn                (no ring)
MPRegen 0.00/turn                (no ring)

@: flying
A: sickness immunity, fire resistance 2, cold vulnerability 1, float, innate
caster, HP casting, extra vitality 1
a: Renounce Religion, Minor Destruction, Lesser Servant of Makhleb, Major
Destruction, Greater Servant of Makhleb


You were in the Dungeon.
You worshipped Makhleb.
Makhleb was exalted by your worship.
You visited 1 branch

Inventory:

Hand Weapons
 h - the +∞ Axe of Woe (weapon)
   (You found it in the Dungeon)
Armour
 a - a +0 robe (worn)
Scrolls
 g - a scroll of blinking
Potions
 b - a potion of lignification
 c - a potion of curing
 d - a potion of heal wounds
 e - a potion of haste
 f - a potion of berserk rage


   Skills:
 O Level 27 Fighting
 O Level 27 Axes
 + Level 26.3(27) Maces & Flails
 + Level 26.3(27) Polearms
 O Level 27 Armour
 O Level 27 Dodging
 O Level 27 Stealth
 O Level 27 Unarmed Combat
 O Level 27 Spellcasting
 O Level 27 Invocations


You knew the following spells:

 Your Spells              Type           Power      Damage    Failure   Level
a - Beastly Appendage     Tmut           100%       N/A       0%          1
b - Wereblood             Tmut           88%        N/A       0%          2
c - Spider Form           Tmut/Pois      88%        N/A       0%          3
d - Ice Form              Ice/Tmut       88%        N/A       0%          4
e - Freeze                Ice            100%       1d10      0%          1
f - Call Imp              Summ           88%        N/A       0%          2
g - Kindle Blastsparks    Fire/Tloc/Air  100%       2d18      0%          3
h - Anguish               Hex/Necr       44%        N/A       0%          4
i - Sticky Flame          Conj/Fire      88%        2d10      0%          4
j - Yara's Violent Unrav  Hex/Tmut       44%        3d17      0%          5
k - Death Channel         Necr           44%        N/A       0%          6
l - Dispersal             Tloc           44%        N/A       0%          6
m - Conjure Ball Lightni  Conj/Air       44%        3x3d15    0%          6
n - Borgnjor's Revivific  Necr           44%        N/A       1%          8
o - Necromutation         Tmut/Necr      44%        N/A       1%          8
Your spell library was empty.

Dungeon Overview and Level Annotations

Branches:
Dungeon (1/1)

Altars:
Makhleb


Innate Abilities, Weirdness & Mutations

You are immune to sickness and miasma.
You are immune to poison.
Your flesh is very heat resistant. (rF++)
You are vulnerable to cold. (rC-)
You float through the air rather than walking.
You learn spells naturally, not from books.
Your magical power is your life essence.
You have superior vitality. (+4 MHP)


Message History

Makhleb accepts your kill.
You feel better.
You hear a shout! x6
The destroyer gestures at you while chanting.
The destroyer blinks!
You hear a shout! x2
The meat berserker rages.
Your base Maces & Flails skill increases to level 26!
Your base Polearms skill increases to level 26!
Unknown command.
Unknown command.
Unknown command.
You hear a shout! x5
A bag of meat comes into view. It is wielding a +9 war axe.
A meat berserker comes into view. It is wielding a +9 battleaxe.
You hear a shout! x2
The destroyer points at you and mumbles some strange words.
The destroyer blinks!
You hear a shout!
The destroyer casts a spell at you.
The destroyer blinks!
You hear a shout!
You hear a shout! x3
The bag of meat hits you with a +9 war axe!!!
The destroyer gestures at you while chanting.
The destroyer blinks!
You hear a shout! x2
The accursed gestures at you while chanting.
Something smites you!
You hear a shout!
The destroyer gestures at you while chanting.
The destroyer blinks!
The destroyer gestures at you while chanting.
The destroyer blinks!
A meat berserker comes into view. It is wielding a +9 battleaxe.
The meat berserker hits you with a +9 battleaxe!!!
You hear a shout!
The destroyer hits you with a +9 heavy great sword!!!!!
Ouch! That really hurt!
You die...

#... ...# #... #...
...# . §§..###...
...###..
..oo...o.###......
o#.O.o...)_.......
o...O..#..)))#
.O.o.o.#_)<)_#
...V.oO#o)§°.#..
#.V.§)@.._V.....
.....§VOo###M.....
....###.oo§...###..
... #o.o....# . .
#....o..# ......oM.
..........
........O.


You could see 2 accurseds, 4 destroyers, 6 meat berserkers and 16 bags of meat.

Vanquished Creatures
  7 vampire knights (D)
  12 ogres (D)
  4 two-headed ogres (D)
  A hydra (D)
  23 orcs (D)
  5 skeletal warriors (D)
52 creatures vanquished.

Notes
Turn   | Place    | Note
-------+----------+-------------------------------------------
     0 | D        | Found the +∞ Axe of Woe
     0 | D        | BigDaddyOpFi the Djinni Transmuter began the quest for the
                  | Orb.
     0 | D        | BigDaddyOpFi set off with the following spells memorised:
                  | Beastly Appendage, Wereblood, Spider Form, Ice Form.
     0 | D        | Reached XP level 1. HP: 17/17 MP: 0/0
     3 | D        | Noticed a bag of meat
     4 | D        | Became a worshipper of Makhleb the Destroyer
     5 | D        | Noticed a bag of meat
     8 | D        | Noticed a meat berserker
     9 | D        | Noticed a bag of meat
     9 | D        | Noticed a meat berserker
    10 | D        | Killed a bag of meat
    11 | D        | Reached skill level 10 in Dodging
    11 | D        | Reached skill level 10 in Unarmed Combat
    11 | D        | Reached XP level 2. HP: 35/35 MP: 0/0
    11 | D        | Reached XP level 3. HP: 40/40 MP: 0/0
    11 | D        | Learned a level 1 spell: Freeze
    11 | D        | Reached XP level 4. HP: 46/46 MP: 0/0
    11 | D        | Reached XP level 5. HP: 51/51 MP: 0/0
    11 | D        | Learned a level 2 spell: Call Imp
    11 | D        | Reached XP level 6. HP: 58/58 MP: 0/0
    11 | D        | Reached XP level 7. HP: 62/62 MP: 0/0
    11 | D        | Learned a level 3 spell: Kindle Blastsparks
    11 | D        | Reached XP level 8. HP: 68/68 MP: 0/0
    11 | D        | Reached XP level 9. HP: 74/74 MP: 0/0
    11 | D        | Learned a level 4 spell: Anguish
    11 | D        | Reached XP level 10. HP: 79/79 MP: 0/0
    11 | D        | Reached XP level 11. HP: 85/85 MP: 0/0
    11 | D        | Learned a level 4 spell: Sticky Flame
    11 | D        | Killed a bag of meat
    11 | D        | Reached * piety under Makhleb
    11 | D        | Killed a bag of meat
    12 | D        | Reached skill level 10 in Axes
    12 | D        | Reached skill level 10 in Stealth
    12 | D        | Reached XP level 12. HP: 50/95 MP: 0/0
    12 | D        | Reached XP level 13. HP: 54/101 MP: 0/0
    12 | D        | Learned a level 5 spell: Yara's Violent Unravelling
    12 | D        | Noticed a bag of meat
    12 | D        | Killed a meat berserker
    12 | D        | Noticed a bag of meat
    13 | D        | Reached skill level 10 in Spellcasting
    13 | D        | Reached XP level 14. HP: 93/110 MP: 0/0
    13 | D        | Killed a meat berserker
    13 | D        | Reached ** piety under Makhleb
    14 | D        | Reached skill level 15 in Dodging
    14 | D        | Noticed a bag of meat
    14 | D        | Noticed a bag of meat
    14 | D        | Noticed a bag of meat
    15 | D        | Noticed a bag of meat
    15 | D        | Noticed a bag of meat
    16 | D        | Noticed a bag of meat
    18 | D        | Killed a bag of meat
    19 | D        | Reached skill level 15 in Fighting
    19 | D        | Reached skill level 15 in Armour
    19 | D        | Reached skill level 15 in Unarmed Combat
    19 | D        | Reached XP level 15. HP: 94/120 MP: 0/0
    19 | D        | Learned a level 6 spell: Death Channel
    19 | D        | Reached *** piety under Makhleb
    19 | D        | Noticed a large bag of meat
    20 | D        | Reached skill level 15 in Invocations
    20 | D        | Reached **** piety under Makhleb
    20 | D        | Noticed a large bag of meat
    20 | D        | Noticed a meat berserker
    21 | D        | Reached skill level 15 in Stealth
    21 | D        | Reached XP level 16. HP: 105/130 MP: 0/0
    22 | D        | Noticed a meat berserker
    22 | D        | Noticed a destroyer
    22 | D        | Noticed a meat berserker
    24 | D        | Reached skill level 15 in Axes
    25 | D        | Noticed a destroyer
    25 | D        | Noticed a destroyer
    25 | D        | Killed a large bag of meat
    25 | D        | Killed a destroyer
    25 | D        | Killed a meat berserker
    25 | D        | Reached ***** piety under Makhleb
    25 | D        | Noticed a meat berserker
    26 | D        | Reached skill level 15 in Spellcasting
    26 | D        | Reached XP level 17. HP: 127/143 MP: 0/0
    26 | D        | Learned a level 6 spell: Dispersal
    26 | D        | Reached XP level 18. HP: 132/149 MP: 0/0
    26 | D        | Killed a meat berserker
    26 | D        | Killed a meat berserker
    26 | D        | Noticed a meat berserker
    27 | D        | Noticed an eight-headed meat hydra
    27 | D        | Noticed a destroyer
    28 | D        | Killed a nine-headed meat hydra
    28 | D        | Killed a large bag of meat
    28 | D        | Killed a destroyer
    28 | D        | Reached ****** piety under Makhleb
    28 | D        | Noticed a meat berserker
    29 | D        | Reached XP level 19. HP: 147/164 MP: 0/0
    29 | D        | Learned a level 6 spell: Conjure Ball Lightning
    29 | D        | Noticed a large bag of meat
    29 | D        | Noticed a destroyer
    30 | D        | Reached XP level 20. HP: 148/171 MP: 0/0
    30 | D        | Killed a meat berserker
    32 | D        | Noticed a destroyer
    32 | D        | Killed a destroyer
    32 | D        | Killed a meat berserker
    32 | D        | Killed a destroyer
    33 | D        | Reached skill level 27 in Dodging
    33 | D        | Reached XP level 21. HP: 181/184 MP: 0/0
    33 | D        | Learned a level 8 spell: Borgnjor's Revivification
    33 | D        | Killed a destroyer
    33 | D        | Killed a large bag of meat
    34 | D        | Reached skill level 27 in Fighting
    34 | D        | Reached skill level 27 in Armour
    34 | D        | Reached skill level 27 in Unarmed Combat
    34 | D        | Reached skill level 27 in Invocations
    34 | D        | Killed a meat berserker
    35 | D        | Reached XP level 22. HP: 190/194 MP: 0/0
    37 | D        | Killed a destroyer
    38 | D        | Reached skill level 27 in Stealth
    39 | D        | Reached skill level 27 in Axes
    39 | D        | Noticed a meat berserker
    39 | D        | Noticed a large bag of meat
    40 | D        | Noticed a destroyer
    41 | D        | Reached skill level 27 in Spellcasting
    42 | D        | Killed a meat berserker
    42 | D        | Killed a large bag of meat
    43 | D        | Reached XP level 23. HP: 182/201 MP: 0/0
    43 | D        | Learned a level 8 spell: Necromutation
    47 | D        | Noticed a destroyer
    48 | D        | Noticed a destroyer
    48 | D        | Noticed a destroyer
    48 | D        | Noticed a destroyer
    48 | D        | Noticed an accursed
    49 | D        | Killed a destroyer
    50 | D        | Reached XP level 24. HP: 208/208 MP: 0/0
    51 | D        | Noticed an accursed
    53 | D        | Annihilated by a destroyer

Illustrated notes

Levels and vault maps discovered:
D:        meatsprint

Skill      XL: |  1  2  3  4  5  6  7  8  9 10 11 12 13 14 15 16 17 18 19 20 21 22 23 24 |
---------------+-------------------------------------------------------------------------+-----
Fighting       | 9 12 13 15 17 20 23 25 27 | 27.0
Axes           | 7 10 11 12 14 17 19 20 22 24 27 | 27.0
Armour         | 9 11 13 15 17 19 23 25 27 | 27.0
Dodging        | 10 13 14 16 18 21 25 27 | 27.0
Stealth        | 8 10 12 13 15 18 21 23 26 27 | 27.0
Unarmed Combat | 10 12 13 15 17 20 23 25 27 | 27.0
Spellcasting   | 7 9 10 11 13 15 18 20 22 27 | 27.0
Invocations    | 9 11 13 14 16 19 23 25 27 | 27.0
Maces & Flails | 14 24 26 | 26.3
Polearms       | 14 24 26 | 26.3

Action                     |  1- 3 |  4- 6 |  7- 9 | 10-12 | 13-15 | 16-18 | 19-21 | 22-24 || total
---------------------------+-------+-------+-------+-------+-------+-------+-------+-------++-------
  Melee: Executioner's axe |     1 |       |       |     1 |     5 |     5 |     5 |    11 ||    28
  Dodge: Dodged            |       |       |       |       |       |     7 |       |       ||     7

Table legend: (Time is in decaauts)
 A = Elapsed time spent in this place.
 B = Non-inter-level travel time spent in this place.
 C = Inter-level travel time spent in this place.
 D = Time resting spent in this place.
 E = Time spent auto-exploring this place.
 F = Levels seen in this place.
 G = Mean time per level.
                   A        B        C        D        E       F      G
               +--------+--------+--------+--------+--------+-----+--------+
         Total |     51 |     51 |      0 |      0 |      0 |   1 |   51.0 |
       Dungeon |     51 |     51 |      0 |      0 |      0 |   1 |   51.0 |
               +--------+--------+--------+--------+--------+-----+--------+

Top non-repeatable levels by time:
       D: 51 daAuts
